AoeStats
← Gandalf

Golden Pit

510163006Analyzed
1v1 RM · 2d ago on Sep 29, 2026· 52m 54s· 2 players
Game mode
Random Map
Map size
Tiny (2 player)
Population
200
Speed
Normal
Resources
Standard
Victory
Conquest
Starting age
Dark Age
Ending age
Imperial Age
RankedLock teamsTeams togetherTeam positionsShared explorationLock speedFull tech treeHidden civsTurbo modeCheats
Victory
Defeat
🇧🇷 Portuguese · Brazil
628
+15
🇺🇾 Chinese · Uruguay
612
-15
Gandalf
10:46 Feudal Age
15:40 Castle Age
13:50 Loom
14:32 Double-Bit Axe
18:42 Bow Saw
31:13 Fletching
50:41 Bodkin Arrow
50:58 Padded Archer Armor
IIErich
8:58 Loom
11:26 Feudal Age
11:56 Double-Bit Axe
17:04 Gold Mining
21:51 Castle Age
20:58 Bloodlines
21:24 Scale Barding Armor
29:02 Husbandry
45:08 Imperial Age
52:38 Cavalier
Connection lost

Rejoining the realm…

Still unreachable

The connection could not be restored.

Session expired

The server has moved on; the page needs a fresh start.